 Dungeon Crawl Stone Soup version 0.18-b1-22-ge198996 (webtiles) character file.

627 theY the Skirmisher (level 7, 0/61 HPs)
             Began as a Hill Orc Fighter on May 4, 2016.
             Slain by a sky beast (5 damage)
             ... on level 4 of the Dungeon.
             The game lasted 00:07:36 (3803 turns).

theY the Skirmisher (Hill Orc Fighter)              Turns: 3803, Time: 00:07:36

Health: 0/61       AC: 11    Str: 19    XL:     7   Next: 47%
Magic:  7/7        EV:  8    Int: 10    God:
Gold:   214        SH:  9    Dex: 10    Spells: 0 memorised, 6 levels left

rFire  + + .     SeeInvis .     a - +0 war axe
rCold  x . .     Gourm    .     k - +0 fire dragon armour
rNeg   . . .     Faith    .     c - +0 shield
rPois  .         Spirit   .     v - +0 helmet
rElec  .         Dismiss  .     (no cloak)
rCorr  .         Reflect  .     (no gloves)
SustAt .         Harm     .     (no boots)
MR     .....                    (no amulet)
Stlth  ..........               (no ring)
                                (no ring)

@: not resistant to hostile enchantments, extremely unstealthy
A: no striking features
a: no special abilities


You were on level 4 of the Dungeon.
You were not hungry.

You visited 1 branch of the dungeon, and saw 5 of its levels.
You also visited: Ossuary.

You collected 214 gold pieces.

Inventory:

Hand Weapons
 a - a +0 war axe (weapon)
Missiles
 j - 17 poisoned needles
Armour
 b - a +0 scale mail
 c - a +0 shield (worn)
 k - a +0 fire dragon armour (worn)
 v - a +0 helmet (worn)
Scrolls
 e - a scroll of magic mapping
 l - 2 scrolls of identify
 m - 3 scrolls of amnesia
 q - 3 scrolls of remove curse
 r - 3 scrolls of enchant weapon {unknown}
 s - 2 scrolls of recharging
 t - a scroll of immolation {unknown}
 u - a scroll of teleportation {unknown}
 y - 2 scrolls of enchant armour {unknown}
 A - a scroll of fear {unknown}
 C - a scroll of blinking {unknown}
Potions
 d - 2 potions of mutation {unknown}
 g - a potion of degeneration {unknown}
 h - a potion of lignification {unknown}
 p - 2 potions of flight
 w - 3 potions of cure mutation {unknown}
 z - 2 potions of haste
Books
 B - a book of Clouds

   Spells                             Type                      Level
   a - Mephitic Cloud                 Conjuration/Poison/Air       3
   b - Conjure Flame                  Conjuration/Fire             3
   c - Poisonous Cloud                Conjuration/Poison/Air       6
   d - Freezing Cloud                 Conjuration/Ice/Air          6
   e - Ring of Flames                 Charms/Fire                  7
Comestibles
 f - a bread ration
 i - 2 slices of pizza
 n - 3 meat rations
 o - a beef jerky


   Skills:
 + Level 5.5 Fighting
 + Level 4.8 Axes
 + Level 5.4 Armour
 + Level 2.3 Dodging
 + Level 0.1 Stealth
 + Level 5.2 Shields


You had 6 spell levels left.
You didn't know any spells.

Dungeon Overview and Level Annotations

Branches:
Dungeon (5/15)
 Temple: D:4-7

Altars:

Annotations:
D:5 Blork the orc


Message History

The sky beast is almost dead.
The sky beast flickers out of sight!
Deactivating autopickup; reactivate with Ctrl-A.
Something hits you.
* * * LOW HITPOINT WARNING * * *
Something shocks you.
* * * LOW HITPOINT WARNING * * *
You closely miss something. Something hits you but does no damage.
You miss something.
A sky beast appears from thin air!
Reactivating autopickup.
The sky beast hits you but does no damage.
You closely miss the sky beast.
The sky beast is almost dead.
You block the sky beast's attack. x2
You closely miss the sky beast.
The sky beast is almost dead.
The sky beast hits you.
* * * LOW HITPOINT WARNING * * *
The sky beast shocks you.
You die...

#.....# #..
#.....# #..
#....######
##.
#....##...##
##
#..........#
#..........#
#....#######
#....#
#...@#
#...Y#
#...>#
#>.≈.##
#.....#
#.....#
#.....#
#######


You could see a sky beast.

Vanquished Creatures
  A sky beast (D:5)
  An ogre (D:4)
  A giant frog (D:5)
  A crimson imp (D:5)
  A hound (D:4)
  Jessica (D:3)
  3 worker ants
  Robin (D:2)
  4 gnolls (D:4)
  9 adders
  A shadow imp (D:5)
  An adder zombie (Ossuary)
  2 dart slugs
  A giant gecko (D:4)
  3 orcs
  3 ball pythons
  3 giant cockroaches
  17 goblins
  6 hobgoblins
  5 kobolds
  2 quokkas
  6 bats
  A giant cockroach zombie (D:5)
  A giant gecko skeleton (D:3)
  3 giant newts
  3 kobold zombies (Ossuary)
  An orc zombie (D:5)
  13 rats
  A rat zombie (D:5)
96 creatures vanquished.

Notes
Turn   | Place    | Note
--------------------------------------------------------------
     0 | D:1      | theY the Hill Orc Fighter began the quest for the Orb.
     0 | D:1      | Reached XP level 1. HP: 19/19 MP: 1/1
    96 | D:2      | Noticed Robin
   101 | D:1      | Reached XP level 2. HP: 27/27 MP: 2/2
   763 | D:1      | Reached XP level 3. HP: 28/33 MP: 3/3
  1216 | D:3      | Reached XP level 4. HP: 25/41 MP: 4/4
  1388 | D:3      | Noticed a sky beast
  1622 | D:3      | Noticed Jessica
  1634 | D:3      | Killed Jessica
  1634 | D:3      | Reached XP level 5. HP: 47/47 MP: 5/5
  1736 | D:2      | Reached skill level 1 in Dodging
  1743 | D:2      | Killed Robin
  2729 | D:4      | Reached XP level 6. HP: 55/55 MP: 6/6
  2750 | D:4      | Reached skill level 5 in Fighting
  3199 | D:5      | Entered Level 5 of the Dungeon
  3216 | D:5      | Reached skill level 5 in Armour
  3216 | D:5      | Reached skill level 5 in Shields
  3216 | D:5      | Reached XP level 7. HP: 49/61 MP: 7/7
  3424 | D:5      | Found a sand-covered staircase.
  3436 | Ossuary  | Entered an ossuary
  3443 | Ossuary  | Noticed Lovchig's ghost (novice MiFi)
  3668 | D:5      | Noticed Blork the orc
  3803 | D:4      | Slain by a sky beast

Skill      XL: |  1  2  3  4  5  6  7 |
---------------+----------------------+-----
Fighting       | 4 5 |  5.5
Axes           | 3 4 |  4.8
Armour         | 4 5 |  5.4
Shields        | 4 5 |  5.2
Dodging        | 1 2 |  2.3
Stealth        | |  0.1

Action                   |  1- 3 |  4- 6 |  7- 9 || total
-------------------------+-------+-------+-------++-------
Melee: War axe           |   105 |   188 |   118 ||   411
  Use: Scroll            |       |     6 |       ||     6
       Potion            |       |     3 |     3 ||     6
  Eat: Chunk             |     1 |     7 |       ||     8
       Bread ration      |       |       |     1 ||     1
Armor: Scale mail        |    61 |    53 |       ||   114
       Fire dragon armou |       |    40 |    80 ||   120
Dodge: Dodged            |    33 |    58 |    38 ||   129
Block: Shield            |    55 |   125 |    54 ||   234
